 Dungeon Crawl Stone Soup version 0.29-a0-284-gf9362112df (webtiles) character file.

Game seed: 17460455923258595305

3845 sammy202020 the Fighter (level 9, 0/75 HPs)
             Began as a Demonspawn Berserker on Mar 28, 2022.
             Was a Priest of Trog.
             Slain by an orc warlord
             ... wielding a +0 war axe
              (8 damage)
             ... in a bailey.
             The game lasted 00:17:37 (9995 turns).

sammy202020 the Fighter (Demonspawn Berserker)      Turns: 9995, Time: 00:17:38

Health: 0/75       AC: 10    Str: 19    XL:     9   Next: 98%
Magic:  0/9        EV: 15    Int: 11    God:    Trog [***...]
Gold:   442        SH:  0    Dex: 13    Spells: 8/8 levels left

rFire   . . .      SeeInvis .   H - +1 war axe
rCold   . . .      Faith    .   (no shield)
rNeg    . . .      Spirit   +   v - +2 ring mail {rPois}
rPois   +          Reflect  .   (no helmet)
rElec   .          Harm     .   (no cloak)
rCorr   .          Rampage  .   (gloves unavailable)
Will    .....                   (no boots)
Stlth   +.........              A - amulet of guardian spirit
HPRegen 0.22/turn               n - ring of flight
MPRegen 0.11/turn               t - +4 ring of evasion

@: on berserk cooldown, flying, slowed, very slow
A: icy blue scales 1, powered by death 1, powered by pain 1, demonic touch 3
a: Renounce Religion, Berserk, Trog's Hand


You were in a bailey.
You worshipped Trog.
Trog was most pleased with you.
You visited 1 branch of the dungeon, and saw 7 of its levels.
You also visited: Bailey.

You collected 442 gold pieces.

Inventory:

Hand Weapons
 k - a +0 dagger of flaming
 l - a +2 vorpal mace
 H - a +1 war axe (weapon)
Missiles
 d - 8 poisoned darts
 p - 3 throwing nets
 y - 13 boomerangs (quivered)
Armour
 u - a +1 scale mail of cold resistance
 v - a +2 ring mail of poison resistance (worn)
 D - a +0 plate armour
Jewellery
 n - a ring of flight (left hand)
 t - a +4 ring of evasion (right hand)
 A - an amulet of guardian spirit (around neck)
Wands
 h - a wand of polymorph (4)
 m - a wand of digging (6)
 o - a wand of acid (12)
 z - a wand of flame (7)
 C - a wand of charming (2)
Scrolls
 a - a scroll of fog
 b - 2 scrolls of fear
 i - a scroll of torment
 w - 2 scrolls of magic mapping
 B - a scroll of summoning
 F - 2 scrolls of blinking
 G - 2 scrolls of teleportation
Potions
 c - a potion of magic
 e - a potion of heal wounds
 f - 4 potions of curing
 g - a potion of lignification
 j - 4 potions of cancellation
 q - 2 potions of flight
 s - a potion of attraction {unknown}
 x - a potion of mutation
 E - a potion of brilliance {unknown}
 I - a potion of might


   Skills:
 * Level 8.9 Fighting
 * Level 8.1 Axes
 + Level 5.6 Armour
 - Level 1.7 Dodging
 + Level 5.1 Unarmed Combat


You had 8 spell levels left.
You didn't know any spells.
Your spell library was empty.

Dungeon Overview and Level Annotations

Branches:
Dungeon (7/15)             Temple (0/1) D:4          Bailey (1/1)

Altars:
Ashenzari
Gozag
Qazlal
Ru
Xom
Yredelemnul
The Shining One


Innate Abilities, Weirdness & Mutations

You are partially covered in icy blue scales. (AC +2)
You regenerate a little health from kills.
You sometimes gain a little power by taking damage.
Your touch may irresistibly damage your foes and sap their willpower.


Message History

You barely miss the orc warlord. Your touch misses the orc warlord.
The orc warlord hits you with a +0 war axe!
The orc warlord hits you with a +0 war axe!!
You focus on the pain.
You feel your power returning.
You completely miss the orc warlord.
The orc warlord hits you with a +0 war axe!
* * * LOW HITPOINT WARNING * * *
You feel the effects of Trog's Hand fading.
There is an open translucent gate here.
You are too injured to fight recklessly!
Throw: 13 boomerangs
Press: ? - help, Q - select action, (/) - cycle Shift-Dir - straight line, f - orc warlord
Aim: an orc warlord, wielding a +0 war axe and wearing a +0 scale mail (65% to hit)
Okay, then.
Your skin stops crawling.
You feel less strong-willed.
There is an open translucent gate here.
You hit the orc warlord.
You touch the orc warlord.
You sap its willpower!
The orc warlord is lightly wounded.
The orc warlord hits you with a +0 war axe!
* * * LOW HITPOINT WARNING * * *
The orc warlord misses you.
A red film seems to cover your vision as you go berserk!
You feel yourself moving faster!
You feel mighty!
The orc warlord hits you but does no damage.
You slash the orc warlord!
The orc warlord is lightly wounded.
You slash the orc warlord!
You touch the orc warlord.
You sap its willpower!
The orc warlord is moderately wounded.
The orc warlord hits you with a +0 war axe!
* * * LOW HITPOINT WARNING * * *
You slash the orc warlord!
The orc warlord is heavily wounded.
The orc warlord hits you with a +0 war axe!
* * * LOW HITPOINT WARNING * * *
You feel a strong urge to attack something.
You are no longer berserk.
You are exhausted.
You feel yourself slow down.
The orc warlord hits you with a +0 war axe!
You die...

♣.##...#≈[?8...8!}≈#...
♣♣..###)#≈.........≈#'##
♣...≈≈≈)#≈..8...8..≈#.≈≈
♣♣...≈≈≈.##.........##.≈≈
♣∩...≈≈≈)#≈....∩....≈#.≈≈
♣♣...≈≈≈.#≈.........≈#.≈≈
♣...≈≈≈.#≈≈.8...8.≈≈#.≈≈
♣♣..###'###.......###'##
♣.##..@.#≈.8...8.≈#....
♣##...o.#≈≈≈≈≈≈≈≈≈#....
##......####o≈≈####)...
#...8..)...#'''#...)..8
#......)..)............
#......)...............
##..8..8...........8..8
##.......#######......
##.....## ##.....


You could see an orc warlord.

Vanquished Creatures
  A skeletal warrior (D:6)
  A water moccasin (D:5)
  8 orc warriors
  A black bear (D:6)
  5 sky beasts
  3 ogres (D:6)
  3 centaurs
  A phantom (D:5)
  A kobold brigand (D:6)
  2 bullfrogs (D:6)
  A necrophage (D:6)
  4 scorpions
  A wight (D:6)
  A howler monkey (D:5)
  2 jellies
  An orc priest (D:5)
  2 hounds (D:6)
  Jessica (D:3)
  8 iguanas
  An orc wizard (D:5)
  12 gnolls
  9 adders
  6 river rats (D:6)
  A shadow imp (D:6)
  2 white imps
  An ufetubus (D:3)
  2 worms (D:2)
  2 dart slugs (D:3)
  13 orcs
  8 ball pythons
  5 bats
  7 endoplasms
  13 goblins
  5 hobgoblins
  7 quokkas (D:6)
  3 frilled lizards
  16 kobolds
  19 rats
179 creatures vanquished.

Vanquished Creatures (others)
  5 dream sheep (D:4)
5 creatures vanquished.

Grand Total: 184 creatures vanquished

Notes
Turn   | Place    | Note
-------+----------+-------------------------------------------
     0 | D:1      | sammy202020 the Demonspawn Berserker began the quest for
                  | the Orb.
     0 | D:1      | Reached XP level 1. HP: 18/18 MP: 1/1
   605 | D:1      | Gained mutation: Your touch may inflict minor irresistible
                  | damage on your foes. [demonic ancestry]
   605 | D:1      | Reached XP level 2. HP: 20/24 MP: 2/2
   684 | D:1      | You fall into a shaft and drop 1 floor!
  1141 | D:2      | Gained mutation: Your touch may inflict irresistible damage
                  | on your foes. [demonic ancestry]
  1141 | D:2      | Reached XP level 3. HP: 19/29 MP: 3/3
  1355 | D:2      | Reached ** piety under Trog
  1974 | D:2      | Gained mutation: Your touch may irresistibly damage your
                  | foes and sap their willpower. [demonic ancestry]
  1974 | D:2      | Reached XP level 4. HP: 37/37 MP: 4/4
  2062 | D:2      | Found a faded altar of an unknown god.
  2456 | D:3      | Reached skill level 1 in Unarmed Combat
  2910 | D:3      | Noticed Jessica
  2917 | D:3      | Killed Jessica
  3525 | D:3      | Reached XP level 5. HP: 23/42 MP: 5/5
  3766 | D:4      | Found a staircase to the Ecumenical Temple.
  3928 | D:4      | Noticed a dream sheep
  3928 | D:4      | Noticed a dream sheep
  3928 | D:4      | Noticed a dream sheep
  3928 | D:4      | Noticed a dream sheep
  3928 | D:4      | Noticed a dream sheep
  3928 | D:4      | Found a shimmering altar of Xom.
  3933 | D:4      | Killed a dream sheep
  3934 | D:4      | Killed a dream sheep
  3934 | D:4      | Killed a dream sheep
  3934 | D:4      | Killed a dream sheep
  3934 | D:4      | Killed a dream sheep
  4591 | D:5      | Entered Level 5 of the Dungeon
  4643 | D:5      | Gained mutation: You are partially covered in icy blue
                  | scales. (AC +2) [demonic ancestry]
  4643 | D:5      | Reached XP level 6. HP: 49/49 MP: 6/6
  4795 | D:5      | Found a stormy altar of Qazlal.
  4798 | D:5      | Found an opulent altar of Gozag.
  4801 | D:5      | Found a broken altar of Ashenzari.
  4804 | D:5      | Found a basalt altar of Yredelemnul.
  4941 | D:5      | Noticed a water moccasin
  4964 | D:5      | Killed a water moccasin
  4965 | D:5      | Reached skill level 5 in Fighting
  5062 | D:5      | Gained mutation: You sometimes gain a little power by
                  | taking damage. [demonic ancestry]
  5062 | D:5      | Reached XP level 7. HP: 45/56 MP: 7/7
  5355 | D:5      | Reached skill level 5 in Axes
  5422 | D:5      | Reached *** piety under Trog
  6158 | D:6      | Gained mutation: You regenerate a little health from kills.
                  | [demonic ancestry]
  6158 | D:6      | Reached XP level 8. HP: 24/64 MP: 8/8
  6324 | D:6      | Found a sacrificial altar of Ru.
  6388 | D:6      | HP: 4/96 [orc warrior/+0 trident (14)]
  7514 | D:6      | Reached XP level 9. HP: 53/72 MP: 6/9
  7548 | D:6      | Noticed a skeletal warrior
  8822 | D:6      | Reached skill level 5 in Armour
  8825 | D:6      | Killed a skeletal warrior
  9031 | D:7      | Found a flagged portal.
  9048 | D:7      | Reached **** piety under Trog
  9052 | Bailey   | Entered a bailey
  9057 | Bailey   | Noticed an orc warlord
  9137 | Bailey   | HP: 4/112 [orc warrior/+0 battleaxe (10)]
  9250 | Bailey   | Reached skill level 5 in Unarmed Combat
  9523 | Bailey   | Found a runed translucent gate.
  9524 | Bailey   | Found a runed translucent gate.
  9526 | Bailey   | Found a runed translucent gate.
  9995 | Bailey   | Slain by an orc warlord

Illustrated notes

Levels and vault maps discovered:
D:1:      dpeg_arrival_brainrot, layout_basic, ebering_dispersal_statue_hall
D:2:      layout_rooms, shapermc_ecumenical_altar_ellora
D:3:      layout_loops_cross, marbit_many_paths, uniq_jessica
D:4:      layout_basic, kb_xom_exploding_sheep,
          minmay_temple_entry_gardened_gates
D:5:      layout_cave_pods, grunt_temple_overflow_cloverleaf
D:6:      lemuel_ratsnest, layout_loops_ring,
          mainiacjoe_overflow_surrounded_room, corexii_leaking_fountain,
          minmay_misc_feat_chi, nzn_random_ring
D:7:      layout_basic, eat_drink_and_be_merry_uskayaw,
          amethyst_overflow_temple_binary, enter_bailey_5, uniq_duvessa
Bailey:   bailey_axe_bossmonster_kennysheep, bailey

Skill      XL: |  1  2  3  4  5  6  7  8  9 |
---------------+----------------------------+-----
Armour         | 2 3 4 5 |  5.6
Axes           | 3 4 5 6 8 |  8.1
Unarmed Combat | 1 2 3 4 5 |  5.1
Fighting       | 4 5 6 7 8 |  8.9
Dodging        | |  1.7

Action                   |  1- 3 |  4- 6 |  7- 9 || total
-------------------------+-------+-------+-------++-------
Melee: Hand axe          |   105 |   146 |   363 ||   614
       Touch             |    11 |    21 |    76 ||   108
       Punch             |     1 |     2 |     8 ||    11
       War axe           |       |       |    22 ||    22
Throw: Dart              |       |     4 |     7 ||    11
       Boomerang         |       |       |    76 ||    76
Invok: Berserk           |     1 |       |     8 ||     9
       Trog's Hand       |       |       |     6 ||     6
  Use: Scroll            |       |    15 |     6 ||    21
 Stab: Sleeping          |     2 |       |       ||     2
Armor: Animal skin       |    31 |     3 |       ||    34
       Chain mail        |       |    37 |       ||    37
       Ring mail         |       |    22 |   126 ||   148
Dodge: Dodged            |    83 |    97 |   349 ||   529

Table legend: (Time is in decaauts)
 A = Elapsed time spent in this place.
 B = Non-inter-level travel time spent in this place.
 C = Inter-level travel time spent in this place.
 D = Time resting spent in this place.
 E = Time spent auto-exploring this place.
 F = Levels seen in this place.
 G = Mean time per level.
                   A        B        C        D        E       F      G
               +--------+--------+--------+--------+--------+-----+--------+
         Total |  10121 |  10028 |     93 |   1382 |   6862 |   8 | 1265.1 |
       Dungeon |   9146 |   9053 |     93 |   1146 |   6494 |   7 | 1306.6 |
        Bailey |    974 |    974 |      0 |    235 |    368 |   1 |  974.0 |
               +--------+--------+--------+--------+--------+-----+--------+

Top non-repeatable levels by time:
     D:6: 2825 daAuts
     D:3: 1558 daAuts
     D:2: 1547 daAuts
     D:5: 1539 daAuts
  Bailey: 974 daAuts
     D:4: 832 daAuts
     D:1: 688 daAuts
     D:7: 154 daAuts
